 Dungeon Crawl Stone Soup version 0.28-a0-724-g66f9036eb4 (webtiles) character file.

Game seed: 13503641250025757103

0 spiderkeys the Skirmisher (level 1, -3/17 (18) HPs)
             Began as a Human Abyssal Knight on Oct 26, 2021.
             Was a Follower of Lugonu.
             Slain by an apocalypse crab (14 damage)
             ... on level 2 of the Abyss.
             The game lasted 00:00:25 (135 turns).

spiderkeys the Skirmisher (Human Abyssal Knight)     Turns: 135, Time: 00:00:26

HP:   -3/17 (18)    AC:  3    Str: 13    XL:     1   Next: 0%
MP:   2/2           EV: 11    Int: 10    God:    Lugonu [*.....]
Gold: 0             SH:  0    Dex: 13    Spells: 0/0 levels left

rFire   . . .      SeeInvis .   a - +1 falchion
rCold   . . .      Faith    .   (no shield)
rNeg    . . .      Spirit   .   b - +0 leather armour
rPois   .          Reflect  .   (no helmet)
rElec   .          Harm     .   (no cloak)
rCorr   .          Rampage  .   (no gloves)
Will    .....                   (no boots)
Stlth   +.........              (no amulet)
HPRegen 0.05/turn               (no ring)
MPRegen 0.08/turn               (no ring)

@: drained
A: no striking features
a: Renounce Religion, Depart the Abyss


You were on level 2 of the Abyss.
You worshipped Lugonu.
Lugonu was aware of your devotion.
You visited 0 branches of the dungeon, and saw 0 of its levels.
You visited the Abyss 1 time.


   Skills:
 + Level 3.0 Fighting
 + Level 2.0 Long Blades
 + Level 2.0 Armour
 + Level 1.0 Dodging
 + Level 2.0 Invocations


You couldn't memorise any spells.
You didn't know any spells.
Your spell library was empty.

Inventory:

Hand Weapons
 a - a +1 falchion (weapon)
Missiles
 c - 16 stones
Armour
 b - a +0 leather armour (worn)
 d - a +1 pair of boots
   (You found it on level 2 of the Abyss)

Dungeon Overview and Level Annotations

Branches:
Dungeon (0/15)

Altars:

≈≈ §≈≈ §§≈
#####.# #####
#....#.##...
##.#..##....# #
#....#.#....##..#
#......##@#.....
#.....t...#
###..#..##...#
#.......# .###
##...#...###
#.....###...#
#.##...#.##..# #.
#..#.#...## ##
#....t.###


You could see an apocalypse crab.


Message History

🤖 Initializing magus.rc ... ✅ Successfully initialized magus.rc [v1.9.10] Welcome, spiderkeys the Human Abyssal Knight.
Are you destined to find the glorious Orb of Zot, or to die trying?
Lugonu says: Depart the Abyss and spread corruption, my servant! (use the ability menu to exit the Abyss) Press ? for a list of commands and other information.
Found a corrupted altar of Lugonu.
There is a corrupted altar of Lugonu here.
Found a gateway leading out of the Abyss.
A tentacled starspawn assembles itself!
A tentacle flies out from the starspawn's body!
A starspawn tentacle comes into view.
A starspawn tentacle comes into view.
A tentacle flies out from the starspawn's body!
A starspawn tentacle comes into view.
A tentacle flies out from the starspawn's body!
A starspawn tentacle comes into view.
The starspawn tentacle grabs you. The starspawn tentacle constricts you.
A starspawn tentacle comes into view. 😕 HP[-3]
You take 3 damage, and now have 15/18 hp.
You escape the starspawn tentacle's grasp.
The starspawn tentacle grabs you.
The starspawn tentacle constricts you. 😮 HP[-3]
You take 3 damage, and now have 12/18 hp.
You escape the starspawn tentacle's grasp. 😮 HP[+1]
Found 16 stones.
Found a gateway leading deeper into the Abyss.
c - 16 stones Tentacles burst from the starspawn's body! 2 starspawn tentacles come into view. 😕 HP[+1]
There is a gateway leading deeper into the Abyss here.
Tentacles burst from the starspawn's body!
You plunge deeper into the Abyss.
The apocalypse crab breathes chaos at you.
The blast of chaos engulfs you.
You feel drained. 😮 HP[-3]
You now have 17 max hp (-1).
You take 3 damage, and now have 11/17 hp.
You are engulfed in seething chaos.
d - a +1 pair of boots 😮 HP[+1]
You hit the apocalypse crab. The apocalypse crab bites you.
You are engulfed in flames!
Ouch! That really hurt!
You die...

Action                   || total
-------------------------++-------
Melee: Falchion          ||     1

Levels and vault maps discovered:
Abyss:2:  base: Temple, hangedman_stitches_earthworm

Notes
Turn   | Place    | Note
-------+----------+-------------------------------------------
     0 | Abyss:1  | spiderkeys the Human Abyssal Knight began the quest for the
                  | Orb.
     0 | Abyss:1  | Reached XP level 1. HP: 18/18 MP: 2/2
     0 | Abyss:1  | magus.rc [v1.9.10]
    77 | Abyss:1  | Noticed a tentacled starspawn
   121 | Abyss:2  | Noticed an apocalypse crab
   135 | Abyss:2  | Slain by an apocalypse crab

Vanquished Creatures (others)
  7 starspawn tentacles (Abyss:1)
7 creatures vanquished.

Table legend:
 A = Non-vault XP
 B = Vault XP
 C = Vault XP percentage of total XP
 D = Non-vault monster count
 E = Vault monster count
 F = Vault count percentage of total count
                 A         B        C        D         E       F
            +---------+---------+-------+---------+---------+-------
      Total |       0 |       0 |   N/A |       0 |       0 |  -nan
            +---------+---------+-------+---------+---------+-------
            +---------+---------+-------+---------+---------+-------

Illustrated notes

Table legend: (Time is in decaauts)
 A = Elapsed time spent in this place.
 B = Non-inter-level travel time spent in this place.
 C = Inter-level travel time spent in this place.
 D = Time resting spent in this place.
 E = Time spent auto-exploring this place.
 F = Levels seen in this place.
 G = Mean time per level.
                   A        B        C        D        E       F      G
               +--------+--------+--------+--------+--------+-----+--------+
         Total |    134 |    134 |      0 |      0 |     76 |   2 |   67.0 |
         Abyss |    134 |    134 |      0 |      0 |     76 |   2 |   67.0 |
               +--------+--------+--------+--------+--------+-----+--------+

Top non-repeatable levels by time:
 Abyss:1: 119 daAuts
 Abyss:2: 15 daAuts
